 Dungeon Crawl Stone Soup version 0.30.0-29-ga12c61a403 (webtiles) character file.

Game seed: 16791419069989990687

98 Dordric the Chopper (level 4, -7/39 HPs)
             Began as a Minotaur Monk on June 7, 2023.
             Mangled by a gnoll
             ... wielding a +0 halberd
              (9 damage)
             ... on level 2 of the Dungeon.
             The game lasted 00:01:29 (1199 turns).

Dordric the Chopper (Minotaur Monk)                 Turns: 1199, Time: 00:01:29

Health: -7/39      AC:  5    Str: 18    XL:     4   Next: 44%
Magic:  3/3        EV: 11    Int:  7    God:
Gold:   37         SH:  0    Dex: 12    Spells: 3/3 levels left

rFire   . . .        j - +0 dagger (venom)
rCold   . . .        d - orb {light}
rNeg    . . .        i - +0 ring mail
rPois   .            (helmet restricted)
rElec   .            (no cloak)
rCorr   .            (no gloves)
SInv    .            (no boots)
Will    .....        (no amulet)
Stlth   +            (no ring)
HPRegen 0.26/turn    (no ring)
MPRegen 0.08/turn

%: no passive effects
@: glowing
A: horns 2, retaliatory headbutt
a: no special abilities


You were on level 2 of the Dungeon.
You visited 1 branch of the dungeon, and saw 2 of its levels.

You collected 37 gold pieces.

Inventory:

Hand Weapons
 a - a +0 hand axe
 j - a +0 dagger of venom (weapon)
Armour
 b - a +0 robe
 d - an orb of light (worn)
 f - a +0 leather armour
 i - a +0 ring mail (worn)
Scrolls
 g - a scroll of identify {unknown}
 h - a scroll of poison {unknown}
 l - a scroll of fog {unknown}
 m - a scroll of teleportation {unknown}
Potions
 c - a potion of ambrosia
 e - a potion of flight {unknown}
 k - a potion of curing {unknown}


   Skills:
 - Level 3.6 Fighting
 + Level 6.4 Axes
 - Level 3.2 Dodging


You had 3 spell levels left.
You didn't know any spells.
Your spell library contained the following spells:

 Spells                   Type           Power      Damage    Failure   Level
 Gell's Gravitas          Tloc           0%         N/A       94%         3
 Teleport Other           Tloc           0%         N/A       94%         3
 Vhi's Electric Charge    Tloc/Air       0%         N/A       94%         3
 Arcjolt                  Conj/Air       0%         1d10      100%        5
 Dispersal                Tloc           0%         N/A       100%        6
 Maxwell's Capacitive Co  Air            0%         ∞         100%        8


Dungeon Overview and Level Annotations

Branches:
Dungeon (2/15)

Altars:


Innate Abilities, Weirdness & Mutations

You have a pair of horns on your head.
You reflexively headbutt those who attack you in melee.


Message History

The gnoll is severely wounded.
The gnoll barely misses you. The gnoll hits you with a +0 whip!
The gnoll barely misses you.
You are too injured to fight recklessly!
You are too injured to fight recklessly!
You are too injured to fight recklessly!
You are too injured to fight recklessly!
You are too injured to fight recklessly!
You are too injured to fight recklessly!
You are too injured to fight recklessly!
You are too injured to fight recklessly!
You are too injured to fight recklessly!
You are too injured to fight recklessly!
You are too injured to fight recklessly!
You are too injured to fight recklessly!
You are too injured to fight recklessly!
You are too injured to fight recklessly!
Unknown command.
The gnoll attacks as you move away! The gnoll hits you but does no damage.
You kill the gnoll!
You hit the gnoll.
The gnoll is poisoned.
You headbutt the gnoll.
The gnoll is moderately wounded.
The gnoll hits you but does no damage.
The gnoll hits you from afar with a +0 halberd.
You hit the gnoll.
The gnoll looks as sick as possible!
You headbutt the gnoll.
The gnoll is severely wounded.
You kill the gnoll!
The gnoll hits you from afar with a +0 halberd!
* * * LOW HITPOINT WARNING * * *
The gnoll completely misses you.
Things that are here:
a +0 flail; a gnoll corpse You barely miss the gnoll.
The gnoll is severely wounded.
The gnoll hits you with a +0 halberd.
* * * LOW HITPOINT WARNING * * *
You hit the gnoll but do no damage.
The gnoll is poisoned.
The gnoll is severely wounded.
The gnoll hits you with a +0 halberd!
You die...

#...# #...# #?..# #...#
#...# #...# #)..# #.g##
#.@## #.<.## #....#
#..#.....# #. ####
#..#####.# ##. #..####
#..# ..
#.....###..#######. #.##
#.###..#........... ..#
#....#.....###########.#


You could see a gnoll (very poisoned).

Vanquished Creatures
  2 gnolls (D:2)
  3 adders (D:2)
  A worm (D:2)
  A dart slug (D:1)
  4 bats
  2 endoplasms
  4 giant cockroaches
  7 goblins
  6 hobgoblins
  4 kobolds (D:1)
  5 ball pythons (D:2)
  2 frilled lizards
  4 rats
45 creatures vanquished.

Notes
Turn   | Place    | Note
-------+----------+-------------------------------------------
     0 | D:1      | Dordric the Minotaur Monk began the quest for the Orb.
     0 | D:1      | Reached XP level 1. HP: 19/19 MP: 0/0
   103 | D:1      | Reached skill level 4 in Axes
   122 | D:1      | Reached XP level 2. HP: 3/26 MP: 1/1
   593 | D:1      | Reached skill level 5 in Axes
   893 | D:2      | Reached XP level 3. HP: 31/31 MP: 2/2
  1143 | D:2      | Reached XP level 4. HP: 39/39 MP: 3/3
  1145 | D:2      | Reached skill level 6 in Axes
  1199 | D:2      | Mangled by a gnoll

Illustrated notes

Levels and vault maps discovered:
D:1:      onia_arrival_mini_maze, layout_loops_cross
D:2:      layout_rooms

Skill      XL: |  1  2  3  4 |
---------------+-------------+-----
Axes           | 4 5 6 |  6.4
Fighting       | |  3.6
Dodging        | |  3.2

Action                     |  1- 3 |  4- 6 || total
---------------------------+-------+-------++-------
  Melee: Hand axe          |    29 |       ||    29
         Dagger            |    48 |    14 ||    62
         Headbutt          |    13 |     4 ||    17
 Armour: Leather armour    |     5 |       ||     5
         Ring mail         |    11 |     3 ||    14
  Dodge: Dodged            |    50 |    12 ||    62
